 Dungeon Crawl Stone Soup version 0.24.0-7-gb3623d2c88 (console) character file.

Game seed: 10261700350595019802, levelgen mode: deterministic

827 Kagalorn the Gusty (level 7, -1/51 HPs)
             Began as a Gnoll Air Elementalist on Nov 2, 2019.
             Was a Follower of Cheibriados.
             Slain by Grinder (7 damage)
             ... on level 5 of the Dungeon.
             The game lasted 00:20:01 (4919 turns).

Kagalorn the Gusty (Gnoll Air Elementalist)         Turns: 4919, Time: 00:20:02

Health: -1/51      AC:  6    Str: 13    XL:     7   Next: 97%
Magic:  5/15       EV: 16    Int: 23    God:    Cheibriados [*.....]
Gold:   80         SH:  0    Dex: 18    Spells: 13/17 levels left

rFire    . . .     SeeInvis .   w - +0 flail
rCold    . . .     Gourm    .   (no shield)
rNeg     . . .     Faith    .   a - +0 robe
rPois    .         Spirit   .   l - +2 hat
rElec    .         Reflect  .   v - +0 cloak
rCorr    .         Harm     .   K - +0 pair of gloves
MR       .....                  (no boots)
Stlth    +++.......             (no amulet)
HPRegen  0.17/turn              (no ring)
MPRegen  0.14/turn              (no ring)

@: lethally poisoned (-1 -> -3), very slow
A: distributed training, fangs 1, strong nose
a: Bend Time, Renounce Religion


You were on level 5 of the Dungeon.
You worshipped Cheibriados.
Cheibriados was aware of your devotion.
You were hungry.

You visited 2 branches of the dungeon, and saw 6 of its levels.

You collected 223 gold pieces.
You spent 143 gold pieces at shops.

Inventory:

Hand Weapons
 d - a +0 hunting sling
 e - a +0 dagger of protection
 g - a +0 hand axe
 q - a +0 hunting sling
 u - a +2 quarterstaff of chaos
 w - a +0 flail (weapon)
 A - a +0 dagger of flaming
 E - a +0 quarterstaff
 G - a +2 short sword of protection
 I - a +0 shortbow
Missiles
 f - 189 stones (quivered)
 y - 13 sling bullets
 N - 16 bolts
Armour
 a - a +0 robe (worn)
 i - a +0 helmet
 l - a +2 hat (worn)
 v - a +0 cloak (worn)
 H - the +3 ring mail of the World {rPois MR- MP+9 Stlth+, unknown}
   (You found it on level 4 of the Dungeon)

   It protects you from poison.
   It affects your resistance to hostile enchantments.
   It affects your magic capacity (+9).
   It makes you more stealthy.
 K - a +0 pair of gloves (worn)
Wands
 s - a wand of polymorph (13)
 B - a wand of iceblast (10)
 M - a wand of enslavement (6)
Scrolls
 b - 2 scrolls of teleportation {unknown}
 h - 2 scrolls of fog {unknown}
 j - 2 scrolls of amnesia {unknown}
 p - 3 scrolls of remove curse {unknown}
 z - a scroll of noise {unknown}
 D - 3 scrolls of identify {unknown}
 L - 2 scrolls of magic mapping {unknown}
Potions
 k - 2 potions of flight
 m - 2 potions of mutation {unknown}
 n - 4 potions of curing
 o - a potion of resistance {unknown}
 r - 3 potions of might
 t - 2 potions of degeneration {unknown}
 x - a potion of invisibility {unknown}
 C - 2 potions of brilliance {unknown}
 F - a potion of magic {unknown}
 J - a potion of lignification
Comestibles
 c - 7 rations


   Skills:
 + Level 2.7 Fighting
 + Level 2.7 Short Blades
 + Level 2.7 Long Blades
 + Level 2.7 Axes
 + Level 2.7 Maces & Flails
 + Level 2.7 Polearms
 + Level 2.7 Staves
 + Level 2.7 Slings
 + Level 2.7 Bows
 + Level 2.7 Crossbows
 + Level 2.7 Throwing
 + Level 2.7 Armour
 + Level 5.4 Dodging
 + Level 5.0 Stealth
 + Level 2.7 Shields
 + Level 2.7 Unarmed Combat
 + Level 5.7 Spellcasting
 + Level 3.1 Conjurations
 + Level 2.2 Hexes
 + Level 2.2 Charms
 + Level 2.2 Summonings
 + Level 2.2 Necromancy
 + Level 2.2 Translocations
 + Level 2.2 Transmutations
 + Level 2.2 Fire Magic
 + Level 2.2 Ice Magic
 + Level 5.9 Air Magic
 + Level 2.2 Earth Magic
 + Level 2.2 Poison Magic
 + Level 3.0 Invocations
 + Level 2.7 Evocations


You had 13 spell levels left.
You knew the following spells:

 Your Spells              Type           Power        Failure   Level  Hunger
a - Shock                 Conj/Air       ####         1%          1    None
b - Static Discharge      Conj/Air       ####....     4%          3    #......

Your spell library contained the following spells:

 Spells                   Type           Power        Failure   Level  Hunger
 Swiftness                Chrm/Air       ####....     2%          2    None
 Airstrike                Air            ####......   8%          4    ###....
 Lightning Bolt           Conj/Air       ####......   36%         5    #####..


Dungeon Overview and Level Annotations

Branches:
Dungeon (5/15)             Temple (1/1) D:4

Altars:
Ashenzari
Cheibriados
Elyvilon
Gozag
Hepliaklqana
Kikubaaqudgha
Nemelex Xobeh
Okawaru
Sif Muna
Trog
Wu Jian
Xom
Zin
The Shining One

Shops:
D:4 !

Annotations:
D:3 3 runed translucent doors, Gumption's ghost, amateur TeCj; ambioz's ghost, amateur TrMo
D:5 Eustachio; Grinder


Innate Abilities, Weirdness & Mutations

Your experience applies equally to all skills.
You have very sharp teeth.
Your uncanny sense of smell can sniff out nearby items.


Message History

* * * LOW HITPOINT WARNING * * *
The jackal barks!
Eustachio screams, "Hey, you killed my favourite bat!"
The quokka bites you but does no damage.
The bat hits you.
* * * LOW HITPOINT WARNING * * *
The quokka bites you.
* * * LOW HITPOINT WARNING * * *
Grinder gestures at you. You resist with significant effort.
You can move again.
Okay, then.
Okay, then.
You feel sick. The bat hits you but does no damage. The bat barely misses you.
The adder barely misses you.
Eustachio mumbles some strange words.
Eustachio blinks!
The quokka bites you but does no damage.
The quokka barely misses you. Grinder hits you!
You die...

... ... #. .. ..# ...
#.#. .h####... #..#
#.......# .
#..####.##...# ...
#.......#...#
....##....rr...##
...>.....§S@.b..#
....##...#5..b.##
....##)####....#
..........#....##
....###...#.....#
#...............#
...........p....@#
.#.##...........#.....
................##...#


You could see Eustachio, Grinder, an adder, 2 quokkas, a jackal, 2 bats and a
neutral freed slave (wandering).

Vanquished Creatures
  Pikel (D:5)
  2 slaves (D:4)
  Crazy Yiuf (D:2)
  Ijyb (D:3)
  Jessica (D:2)
  A hound skeleton (D:4)
  7 gnolls
  6 adders
  An ooze (D:1)
  2 worms
  A dart slug (D:4)
  4 leopard geckos
  9 orcs
  A ball python (D:2)
  6 bats
  6 giant cockroaches
  11 goblins
  10 hobgoblins
  14 jackals
  4 kobolds
  3 quokkas
  5 frilled lizards
  A goblin skeleton (D:5)
  A jackal skeleton (D:4)
  A kobold zombie (D:5)
  A quokka skeleton (D:4)
  10 rats
111 creatures vanquished.

Vanquished Creatures (others)
  A kobold zombie (D:5)
  An orc skeleton (D:5)
2 creatures vanquished.

Grand Total: 113 creatures vanquished

Notes
Turn   | Place    | Note
-------+----------+-------------------------------------------
     0 | D:1      | Kagalorn the Gnoll Air Elementalist began the quest for the
                  | Orb.
     0 | D:1      | Reached XP level 1. HP: 13/13 MP: 6/6
    73 | D:1      | Reached XP level 2. HP: 15/19 MP: 0/7
   576 | D:1      | Reached XP level 3. HP: 25/25 MP: 2/9
   654 | D:1      | Reached skill level 5 in Spellcasting
   992 | D:2      | Reached skill level 1 in Invocations
  1049 | D:2      | Noticed Jessica
  1052 | D:2      | Killed Jessica
  1052 | D:2      | Reached skill level 1 in Fighting
  1052 | D:2      | Reached skill level 1 in Short Blades
  1052 | D:2      | Reached skill level 1 in Long Blades
  1052 | D:2      | Reached skill level 1 in Axes
  1052 | D:2      | Reached skill level 1 in Maces & Flails
  1052 | D:2      | Reached skill level 1 in Polearms
  1052 | D:2      | Reached skill level 1 in Staves
  1052 | D:2      | Reached skill level 1 in Slings
  1052 | D:2      | Reached skill level 1 in Bows
  1052 | D:2      | Reached skill level 1 in Crossbows
  1052 | D:2      | Reached skill level 1 in Throwing
  1052 | D:2      | Reached skill level 1 in Armour
  1052 | D:2      | Reached skill level 1 in Shields
  1052 | D:2      | Reached skill level 1 in Unarmed Combat
  1052 | D:2      | Reached skill level 1 in Evocations
  1052 | D:2      | Reached XP level 4. HP: 32/32 MP: 7/11
  1558 | D:2      | Reached skill level 1 in Hexes
  1558 | D:2      | Reached skill level 1 in Charms
  1558 | D:2      | Reached skill level 1 in Summonings
  1558 | D:2      | Reached skill level 1 in Necromancy
  1558 | D:2      | Reached skill level 1 in Translocations
  1558 | D:2      | Reached skill level 1 in Transmutations
  1558 | D:2      | Reached skill level 1 in Fire Magic
  1558 | D:2      | Reached skill level 1 in Ice Magic
  1558 | D:2      | Reached skill level 1 in Earth Magic
  1558 | D:2      | Reached skill level 1 in Poison Magic
  1571 | D:2      | Learned a level 3 spell: Static Discharge
  1775 | D:2      | Found a runed translucent door.
  1776 | D:2      | Noticed Crazy Yiuf
  1937 | D:2      | Killed Crazy Yiuf
  1937 | D:2      | Reached XP level 5. HP: 37/37 MP: 6/12
  2193 | D:3      | Found a glowing golden altar of the Shining One.
  2361 | D:3      | Found a shimmering altar of Xom.
  2395 | D:3      | Found a runed translucent gate.
  2395 | D:3      | Found a runed translucent gate.
  2395 | D:3      | Found a runed translucent gate.
  2395 | D:3      | Noticed ambioz's ghost (amateur TrMo)
  2395 | D:3      | Noticed Gumption's ghost (amateur TeCj)
  2415 | D:3      | Noticed Ijyb
  2467 | D:3      | Killed Ijyb
  2647 | D:3      | Reached XP level 6. HP: 35/44 MP: 7/13
  2944 | D:4      | Found a staircase to the Ecumenical Temple.
  2950 | Temple   | Entered the Ecumenical Temple
  3257 | Temple   | Became a worshipper of Cheibriados the Contemplative
  3969 | D:4      | Reached skill level 5 in Dodging
  3974 | D:4      | Got an ancient ring mail
  3999 | D:4      | Reached * piety under Cheibriados
  4400 | D:4      | Found Kevanat's Distillery.
  4407 | D:4      | Bought a potion of flight for 33 gold pieces
  4407 | D:4      | Bought a potion of lignification for 33 gold pieces
  4407 | D:4      | Bought a potion of might for 44 gold pieces
  4407 | D:4      | Bought a potion of curing for 33 gold pieces
  4615 | D:5      | Entered Level 5 of the Dungeon
  4664 | D:5      | Noticed a slave
  4664 | D:5      | Noticed a slave
  4669 | D:5      | Noticed Pikel
  4690 | D:4      | Killed a slave
  4696 | D:4      | Killed a slave
  4872 | D:5      | Noticed a slave
  4874 | D:5      | Noticed a slave
  4878 | D:5      | Killed Pikel
  4878 | D:5      | Reached skill level 5 in Stealth
  4878 | D:5      | Reached XP level 7. HP: 51/51 MP: 5/15
  4905 | D:5      | Noticed Grinder
  4907 | D:5      | Noticed Eustachio
  4914 | D:5      | Paralysed by Grinder for 5 turns
  4919 | D:5      | Slain by Grinder

Levels and vault maps discovered:
D:1:      saegor_arrival_simple_e, layout_basic, minmay_misc_feat_four_crosses,
          chequers_serial_rivers_small_3
D:2:      minmay_skewed_foursquare, layout_basic, uniq_crazy_yiuf_cottage,
          uniq_jessica
D:3:      layout_basic, nicolae_overflow_hidden_temple,
          gammafunk_ghost_cemetery, uniq_ijyb
D:4:      kennysheep_spiral_hall, layout_basic, minmay_temple_entry_hall,
          serial_shops, shop, serial_bayou_pond_d, eino_tiny_chamber,
          minmay_checkerbox
D:5:      layout_cave_pools, chequers_temple_overflow_statue_of_worship,
          minitemple, first_ration, nicolae_tso_besieged_by_evil, uniq_pikel,
          uniq_grinder, uniq_eustachio
Temple:   minmay_temple_forest_path

Skill      XL: |  1  2  3  4  5  6 |
---------------+-------------------+-----
Conjurations   | 2 3 |  3.1
Spellcasting   | 5 |  5.7
Invocations    | 1 3 |  3.0
Fighting       | 1 2 |  2.7
Short Blades   | 1 2 |  2.7
Long Blades    | 1 2 |  2.7
Axes           | 1 2 |  2.7
Maces & Flails | 1 2 |  2.7
Polearms       | 1 2 |  2.7
Staves         | 1 2 |  2.7
Slings         | 1 2 |  2.7
Bows           | 1 2 |  2.7
Crossbows      | 1 2 |  2.7
Throwing       | 1 2 |  2.7
Armour         | 1 2 |  2.7
Shields        | 1 2 |  2.7
Unarmed Combat | 1 2 |  2.7
Evocations     | 1 2 |  2.7
Hexes          | 1 2 |  2.2
Charms         | 1 2 |  2.2
Summonings     | 1 2 |  2.2
Necromancy     | 1 2 |  2.2
Translocations | 1 2 |  2.2
Transmutations | 1 2 |  2.2
Fire Magic     | 1 2 |  2.2
Ice Magic      | 1 2 |  2.2
Earth Magic    | 1 2 |  2.2
Poison Magic   | 1 2 |  2.2
Dodging        | 5 |  5.4
Stealth        | 5 |  5.0
Air Magic      | |  5.9

Action                   |  1- 3 |  4- 6 |  7- 9 || total
-------------------------+-------+-------+-------++-------
Melee: Dagger            |     1 |     1 |       ||     2
       Flail             |       |    36 |       ||    36
       Bite              |       |     5 |       ||     5
 Cast: Shock             |    59 |   145 |     7 ||   211
       Static Discharge  |       |     9 |     1 ||    10
Evoke: Wand              |       |     1 |       ||     1
 Stab: Sleeping          |       |     1 |       ||     1
  Eat: Chunk             |       |     7 |       ||     7
       Ration            |       |     1 |       ||     1
Armor: Robe              |     5 |    18 |    12 ||    35
Dodge: Dodged            |     9 |    57 |     9 ||    75
